 Dungeon Crawl Stone Soup version 0.25.0-9-g26727b657a (webtiles) character file.

Game seed: 9126627508494622603

67 grindst0ne the Skirmisher (level 4, 0/29 HPs)
             Began as a Kobold Abyssal Knight on June 19, 2020.
             Was a Follower of Lugonu.
             Slain by a gnoll
             ... wielding a +0 spear
              (3 damage)
             ... on level 2 of the Dungeon.
             The game lasted 00:03:17 (2309 turns).

grindst0ne the Skirmisher (Kobold Abyssal Knight)   Turns: 2309, Time: 00:03:17

Health: 0/29       AC:  4    Str: 10    XL:     4   Next: 38%
Magic:  6/6        EV: 15    Int: 13    God:    Lugonu [*.....]
Gold:   82         SH:  0    Dex: 14    Spells: 3/3 levels left

rFire    . . .     SeeInvis .   a - +2 short sword
rCold    . . .     Gourm    .   (shield restricted)
rNeg     . . .     Faith    .   b - +0 leather armour
rPois    .         Spirit   .   h - +0 helmet
rElec    .         Reflect  .   (no cloak)
rCorr    .         Harm     .   (no gloves)
MR       .....                  (no boots)
Stlth    +.........             (no amulet)
HPRegen  0.09/turn              (no ring)
MPRegen  0.10/turn              (no ring)

@: no status effects
A: small, carnivore
a: Depart the Abyss, Renounce Religion


You were on level 2 of the Dungeon.
You worshipped Lugonu.
Lugonu was aware of your devotion.
You were completely stuffed.

You visited 1 branch of the dungeon, and saw 2 of its levels.
You visited the Abyss 1 time.

You collected 82 gold pieces.

Inventory:

Hand Weapons
 a - a +2 short sword (weapon)
Missiles
 e - 48 stones (quivered)
Armour
 b - a +0 leather armour (worn)
 h - a +0 helmet (worn)
Scrolls
 d - a scroll of noise
 g - a scroll of random uselessness {unknown}
 i - a scroll of teleportation {unknown}
 k - a scroll of identify {unknown}
Potions
 j - a potion of curing
Comestibles
 c - 5 rations


   Skills:
 + Level 3.8 Fighting
 + Level 3.6 Short Blades
 - Level 0.7 Armour
 + Level 3.3 Dodging
 + Level 2.9 Invocations


You had 3 spell levels left.
You didn't know any spells.
Your spell library was empty.

Dungeon Overview and Level Annotations

Branches:
Dungeon (2/15)

Altars:


Innate Abilities, Weirdness & Mutations

You are small and have problems with some larger weapons.
You are carnivorous and can eat meat at any time.


Message History

You kill the adder!
Lugonu accepts your kill. The gnoll closely misses you.
You closely miss the gnoll. The gnoll hits you with a +0 flail.
The gnoll closely misses you.
You closely miss the gnoll. You closely miss the gnoll.
The gnoll hits you with a +0 flail. The gnoll closely misses you.
It was a potion of curing.
You feel better. The gnoll hits you but does no damage.
The gnoll hits you with a +0 flail.
You aren't carrying any items that you can evoke.
As you read the scroll labeled TEBAAK PUTATH, it crumbles to dust.
It is a scroll of enchant weapon.
Your +1 short sword glows red for a moment.
The gnoll hits you from afar with a +0 spear.
The gnoll hits you with a +0 flail!
* * * LOW HITPOINT WARNING * * *
You barely miss the gnoll.
The gnoll hits you from afar with a +0 spear.
You die...

.#รท# #...... .. #.# #
.#.# #.....#.#. ..##.
.#.# #.<.....#. ..>.
.#.# #.....# #.### .g#
...# #.....###...##..#
.######......##.#.....#
.).))##.####.##.(g#####
.###.#.......###g## .#
#......##.# #@# .#
#.#..#.##.###.#
.....#..#........#
...#.#.......#####
#.#.##.#####.# ## #
#.......# #########


You could see 2 gnolls.

Vanquished Creatures
  Robin (D:2)
  2 adders (D:2)
  4 leopard geckos (D:1)
  A bat (D:2)
  5 hobgoblins
  3 jackals (D:1)
  2 frilled lizards (D:1)
  9 goblins
  4 kobolds (D:1)
  2 rats
33 creatures vanquished.

Notes
Turn   | Place    | Note
-------+----------+-------------------------------------------
     0 | Abyss:1  | grindst0ne the Kobold Abyssal Knight began the quest for
                  | the Orb.
     0 | Abyss:1  | Reached XP level 1. HP: 14/14 MP: 2/2
    59 | Abyss:1  | Noticed a smoke demon
    61 | D:1      | Escaped the Abyss
   442 | D:1      | Reached XP level 2. HP: 11/19 MP: 3/3
   482 | D:1      | Reached * piety under Lugonu
  1239 | D:1      | Reached XP level 3. HP: 20/23 MP: 4/4
  1960 | D:2      | Noticed Robin
  1992 | D:2      | Killed Robin
  1992 | D:2      | Reached XP level 4. HP: 8/29 MP: 4/6
  2309 | D:2      | Slain by a gnoll

Illustrated notes

Levels and vault maps discovered:
D:1:      scummos_arrival_checkerplants, layout_basic
D:2:      layout_loops_cross, grunt_dithmenos_smoke_and_mirrors, first_ration,
          chequers_ecumenical_altar_grove, uniq_robin

Skill      XL: |  1  2  3 |
---------------+----------+-----
Short Blades   | 3 |  3.6
Dodging        | 3 |  3.3
Fighting       | |  3.8
Armour         | |  0.7
Invocations    | |  2.9

Action                   |  1- 3 |  4- 6 || total
-------------------------+-------+-------++-------
Melee: Short sword       |   126 |    12 ||   138
Throw: Stone             |    45 |     1 ||    46
Invok: Depart the Abyss  |     1 |       ||     1
  Use: Scroll            |     1 |     1 ||     2
       Potion            |     1 |     1 ||     2
  Eat: Chunk             |    11 |     2 ||    13
Armor: Leather armour    |    23 |     1 ||    24
Dodge: Dodged            |   104 |     8 ||   112
